 Dungeon Crawl Stone Soup version 0.29-a0-221-gceb61267dd (console) character file.

Game seed: 4223498299630563858

248 CannotBeFrozen the Shooter (level 5, 0/39 HPs)
             Began as a Demigod Arcane Marksman on Feb 26, 2022.
             Splashed by a jelly's acid (7 damage)
             ... on level 4 of the Dungeon.
             The game lasted 00:07:19 (3089 turns).

CannotBeFrozen the Shooter (DgAM)                   Turns: 3089, Time: 00:07:20

Health: 0/39       AC: -1    Str: 11    XL:     5   Next: 55%
Magic:  9/9        EV: 12    Int: 15    God:
Gold:   356        SH:  0    Dex: 18    Spells: 5/6 levels left

rFire   . . .      SeeInvis .   a - +0 shortbow (vorpal)
rCold   . . .      Faith    .   (shield currently unavailable)
rNeg    + . .      Spirit   .   f - +0 robe
rPois   .          Reflect  .   l - +1 helmet
rElec   .          Harm     .   (no cloak)
rCorr   .          Rampage  .   h - +2 pair of gloves
Will    .....                   (no boots)
Stlth   ++........              (no amulet)
HPRegen 0.13/turn               c - ring of positive energy
MPRegen 0.11/turn               (no ring)

@: corroded
A: high MP 1, forlorn, divine attributes
a: no special abilities


You were on level 4 of the Dungeon.
You visited 1 branch of the dungeon, and saw 4 of its levels.

You collected 356 gold pieces.

Inventory:

Hand Weapons
 a - a +0 vorpal shortbow (weapon)
 b - a +0 short sword
Missiles
 i - 2 poisoned darts
Armour
 f - a +0 robe (worn)
 h - a +2 pair of gloves (worn)
 l - a +1 helmet (worn)
Jewellery
 c - a ring of positive energy (left hand)
Scrolls
 g - a scroll of teleportation {@r2}
 k - a scroll of blinking
Potions
 d - 4 potions of curing {@q1}
 e - 3 potions of flight {unknown}
 j - a potion of mutation {unknown}
 n - a potion of berserk rage {unknown}


   Skills:
 - Level 0.8 Fighting
 + Level 5.7 Bows
 - Level 1.7 Dodging
 - Level 1.0 Spellcasting
 - Level 2.6 Hexes


You had 5 spell levels left.
You knew the following spells:

 Your Spells              Type           Power      Damage    Failure   Level
a - Slow                  Hex            32%        N/A       9%          1

Your spell library contained the following spells:

 Spells                   Type           Power      Damage    Failure   Level
 Pain                     Necr           0%         1d4       24%         1
 Dazzling Flash           Conj/Hex       8%         N/A       38%         3
 Inner Flame              Hex/Fire       4%         N/A       38%         3
 Portal Projectile        Hex/Tloc       8%         N/A       38%         3
 Cause Fear               Hex            4%         N/A       63%         4
 Silence                  Hex/Air        2%         N/A       98%         5
 Agony                    Necr           0%         N/A       100%        5
 Excruciating Wounds      Necr           0%         N/A       100%        5


Dungeon Overview and Level Annotations

Branches:
Dungeon (4/15)
 Temple: D:4-7


Innate Abilities, Weirdness & Mutations

You have an increased reservoir of magic. (+10% MP)
You shall have no god before yourself.
Your divine heritage dramatically boosts your attributes as you level up.


Message History

Found a stone staircase leading up.
No target in view!
There is a stone staircase leading up here.
A jelly comes into view.
The jelly quivers.
You shoot an arrow. The arrow hits the jelly.
The jelly is lightly wounded.
You shoot an arrow. The arrow hits the jelly.
The jelly is heavily wounded.
You shoot an arrow. The arrow hits the jelly.
The jelly is severely wounded.
The jelly hits you. The acid corrodes you!
You are splashed with acid!
HP: 29/39 (-10) ========---- !!
You shoot an arrow. The arrow barely misses the jelly.
The jelly hits you. The acid corrodes you!
You are splashed with acid!
* * * LOW HITPOINT WARNING * * *
HP: 17/39 (-12) =====------- !!!
You are too injured to fight recklessly!
You are too injured to fight recklessly!
Shoot: a) +0 shortbow (vorpal)
Press: ? - help, Q - select action, (/) - cycle Shift-Dir - straight line, f/p - jelly
Aim: a jelly (severely wounded, 90% to hit)
You shoot an arrow.
The arrow hits the jelly but does no damage.
The jelly is severely wounded.
The jelly closely misses you.
Shoot: a) +0 shortbow (vorpal)
Press: ? - help, Q - select action, (/) - cycle Shift-Dir - straight line, f/p - jelly
Aim: a jelly (severely wounded, 90% to hit)
You shoot an arrow.
The arrow hits the jelly but does no damage.
The jelly is severely wounded.
The jelly hits you.
* * * LOW HITPOINT WARNING * * *
You are splashed with acid.
* * * LOW HITPOINT WARNING * * *
The jelly hits you.
* * * LOW HITPOINT WARNING * * *
You are splashed with acid!
You die...

...).## #...# #........# ######.##.##.#
##.#.#####...######........# .....#.......#
##.#..............#.#.....###.....####.####
#.....)...........................# #.###
#..#...........)..#.#.............# #...#
#..#.###.#...#.####.#.....##......# #.#.#
.....# #.#...#.# #.......##.# ####)#.####
..#### #.#...#.# ####.....#.# #....#....# .
#.#...#.# #..##.#.######.#######.# .
#.#...#.# #..##.#J##........#....#
#.......# ##....[@##.#####..#.####
##.##.#### ###.......#####..#.#
##........###### #................(#
#..............# #........#####.####
######...####.#.##.####.....##†#####.#
#.......##...........###...###.......#
##<#####.##.##.######.# ##### #########
......##.##.##.# #.# ##.##.##.......# #.#
##.##.#####.#### #.# ##....# ###.### #.#


You could see a jelly.

Vanquished Creatures
  A phantom (D:4)
  A scorpion (D:4)
  A jelly (D:4)
  2 adders (D:3)
  2 worms (D:3)
  A dart slug (D:3)
  An orc (D:3)
  4 bats
  7 endoplasms
  4 giant cockroaches
  5 goblins
  9 hobgoblins
  4 jackals (D:3)
  3 quokkas
  6 ball pythons
  A frilled lizard (D:1)
  5 kobolds
  A rat (D:3)
58 creatures vanquished.

Vanquished Creatures (others)
  A fungus (D:1)
  A plant (D:1)
2 creatures vanquished.

Grand Total: 60 creatures vanquished

Notes
Turn   | Place    | Note
-------+----------+-------------------------------------------
     0 | D:1      | CannotBeFrozen the Demigod Arcane Marksman began the quest
                  | for the Orb.
     0 | D:1      | Reached XP level 1. HP: 15/15 MP: 4/4
   390 | D:1      | Reached skill level 2 in Bows
   699 | D:1      | Reached XP level 2. HP: 17/22 MP: 5/5
  1390 | D:2      | Reached skill level 3 in Bows
  2111 | D:3      | Reached XP level 3. HP: 21/27 MP: 6/6
  2416 | D:3      | Reached skill level 4 in Bows
  2694 | D:4      | Noticed a scorpion
  2703 | D:4      | Killed a scorpion
  2704 | D:4      | Reached XP level 4. HP: 30/34 MP: 8/8
  2962 | D:4      | Noticed a phantom
  2966 | D:4      | Killed a phantom
  2967 | D:4      | Reached skill level 5 in Bows
  2967 | D:4      | Reached XP level 5. HP: 39/39 MP: 9/9
  3089 | D:4      | Splashed by a jelly's acid

Illustrated notes

Levels and vault maps discovered:
D:1:      minmay_arrival_up_and_down, layout_rooms,
          shapermc_ecumenical_altar_mp_urbaneastern
D:2:      layout_loops_cross, kennysheep_pointless_box, amethyst_killhole
D:3:      layout_rooms, amcnicky_altar_gilded, yredelemnul_altar_generic
D:4:      layout_loops_cross

Skill      XL: |  1  2  3  4 |
---------------+-------------+-----
Bows           | 2 3 4 5 |  5.7
Fighting       | |  0.8
Dodging        | |  1.7
Spellcasting   | |  1.0
Hexes          | |  2.6

Action                   |  1- 3 |  4- 6 || total
-------------------------+-------+-------++-------
Melee: Short sword       |     2 |       ||     2
 Fire: Shortbow          |   164 |    36 ||   200
Throw: Dart              |     2 |       ||     2
 Cast: Slow              |     7 |       ||     7
  Use: Scroll            |     9 |     1 ||    10
Armor: Robe              |    25 |     5 ||    30
Dodge: Dodged            |    70 |     4 ||    74

Table legend: (Time is in decaauts)
 A = Elapsed time spent in this place.
 B = Non-inter-level travel time spent in this place.
 C = Inter-level travel time spent in this place.
 D = Time resting spent in this place.
 E = Time spent auto-exploring this place.
 F = Levels seen in this place.
 G = Mean time per level.
                   A        B        C        D        E       F      G
               +--------+--------+--------+--------+--------+-----+--------+
         Total |   3148 |   3079 |     69 |    385 |   2081 |   4 |  787.0 |
       Dungeon |   3148 |   3079 |     69 |    385 |   2081 |   4 |  787.0 |
               +--------+--------+--------+--------+--------+-----+--------+

Top non-repeatable levels by time:
     D:1: 1253 daAuts
     D:2: 790 daAuts
     D:3: 627 daAuts
     D:4: 477 daAuts
